Map: Tokamak LE

Players

EZHOWWW - Winner!

  • Race: Protoss Protoss
  • League: Diamond
  • Spawn Location: 7:00

ManlyManMeat

  • Race: Zerg Zerg
  • League: Diamond
  • Spawn Location: 1:00

VOD

Have the link to the VOD?

Description

Time

  • Played on: July 10, 2025, 10:02 a.m.
  • Length: 7:18
Show
View Real Time Build Order
Export as new Build Order

EZHOWWW Protoss - Winner!

Build Orders: 1 Gate Expand 

Get SALT Encoding   

  12  0:00  Probe  
  13  0:13  Probe  
  14  0:18  Pylon  
  14  0:25  Probe  
  15  0:37  Probe  
  16  0:49  Probe  
  17  0:51  Gateway  
  17  1:01  Probe  
  18  1:17  Nexus  
  18  1:20  Assimilator  
  18  1:23  Probe  
  19  1:35  Probe  
  19  1:39  Cybernetics Core  
  20  1:47  Pylon  
  20  1:50  Probe  
  20  1:51  Assimilator  
  21  2:03  Stalker  
  21  2:05  Probe  
  24  2:17  Probe  
  24  2:18  Gateway  
  25  2:27  Probe  
  25  2:30  Adept  
  25  2:35  Probe  
  28  2:43  Probe  
  30  2:45  Probe  
  31  2:52  Warp Gate  
  31  2:55  Probe  
  33  3:05  Pylon  
  30  3:20  Adept  
  30  3:22  Probe x2  
  30  3:25  Adept  
  34  3:30  Stargate  
  32  3:34  Probe x2  
  33  3:44  Probe  
  33  3:45  Probe  
  33  3:47  Twilight Council  
  34  3:52  Probe  
  34  3:53  Probe  
  35  4:00  Probe, Adept x2  
  41  4:03  Probe  
  41  4:06  Pylon  
  43  4:13  Probe  
  43  4:15  Probe  
  45  4:17  Resonating Glaives, Gateway  
  45  4:19  Gateway  
  45  4:25  Probe  
  45  4:27  Probe  
  50  4:37  Probe  
  47  4:44  Probe  
  48  4:50  Assimilator  
  48  4:54  Assimilator  
  48  4:55  Adept x2  
  48  4:56  Pylon  
  52  5:02  Probe  
  52  5:03  Probe  
  54  5:14  Probe  
  54  5:19  Pylon, Adept  
  54  5:20  Adept x2  
  61  5:26  Pylon  
  61  5:34  Probe  
  62  5:37  Probe, Zealot  
  62  5:38  Forge  
  62  5:40  Robotics Facility  
  65  5:46  Probe  
  66  5:50  Adept x3  
  72  6:06  Adept  
  74  6:14  Adept  
  74  6:15  Adept x2  
  73  6:32  Probe x2  
  71  6:34  Immortal  
  75  6:44  Probe x2  
  75  6:49  Pylon  
  75  6:50  Nexus  
  75  6:52  Pylon  
  75  6:53  Pylon  
  73  6:54  Pylon  
  73  7:11  Stalker x2  
  73  7:12  Stalker x2  
Show
View Real Time Build Order
Export as new Build Order

ManlyManMeat Zerg 

Build Orders: Hatch First 

Get SALT Encoding   

  12  0:00  Drone  
  13  0:08  Drone  
  13  0:13  Extractor  
  13  0:14  Drone  
  15  0:21  Overlord  
  15  0:40  Drone  
  16  0:46  Hatchery  
  16  0:49  Drone  
  16  0:54  Drone  
  16  0:56  Drone  
  18  1:08  Extractor  
  17  1:12  Spawning Pool  
  17  1:16  Drone  
  17  1:19  Drone  
  18  1:29  Drone  
  19  1:38  Drone  
  20  1:59  Queen x2  
  20  2:00  Zergling x4  
  26  2:03  Overlord  
  26  2:09  Zergling x4  
  26  2:15  Metabolic Boost  
  28  2:24  Drone x2  
  30  2:35  Drone x2  
  32  2:43  Drone x2  
  34  2:57  Overlord x2  
  32  3:21  Overlord x2  
  32  3:23  Hatchery  
  32  3:25  Drone x6  
  35  3:45  Drone x2  
  37  3:50  Drone x2  
  37  3:53  Drone  
  40  3:55  Hatchery  
  40  3:56  Drone x6  
  45  4:05  Zergling x4  
  45  4:07  Queen  
  49  4:16  Extractor x2  
  47  4:20  Zergling x6  
  50  4:27  Drone x3  
  50  4:28  Lair  
  53  4:37  Queen  
  55  4:39  Overlord  
  55  4:41  Overlord  
  55  4:42  Overlord  
  55  4:47  Drone  
  56  4:59  Drone x6  
  63  5:00  Drone x5  
  63  5:05  Drone  
  63  5:06  Evolution Chamber  
  67  5:09  Extractor  
  67  5:11  Queen  
  67  5:12  Extractor  
  67  5:15  Drone x3  
  70  5:25  Spore Crawler  
  70  5:27  Spore Crawler  
  70  5:28  Drone x3, Spore Crawler  
  68  5:31  Drone  
  71  5:36  Hydralisk Den  
  71  5:37  Drone  
  71  5:40  Drone x2  
  71  5:41  Drone  
  74  5:46  Zergling x8  
  74  5:47  Zergling x2  
  79  5:56  Zergling x2  
  79  5:57  Zergling x10  
  75  6:10  Zergling x16  
  70  6:17  Zergling x4  
  54  6:22  Zergling x2  
  49  6:27  Zergling x2  
  43  6:39  Hydralisk x3  
  32  6:47  Zergling x2  
Tags
 
Add a new tag
Caveats
  • Supply blocks, unpowered buildings, or Contaminate may cause inaccurate times.
  • Supply counts are checked every 10 seconds.